 Dungeon Crawl Stone Soup version 0.31-a0-460-g9e667d4245 (webtiles) character file.

Game seed: 13225086631100808200

144 MisterAzrael the Ruffian (level 5, -6/34 HPs)
             Began as an Octopode Shapeshifter on Aug 4, 2023.
             Mangled by a gnoll sergeant
             ... wielding a +0 trident
              (10 damage)
             ... on level 3 of the Dungeon.
             The game lasted 00:03:28 (2282 turns).

MisterAzrael the Ruffian (Octopode Shapeshifter)    Turns: 2282, Time: 00:03:28

Health: -6/34      AC:  1    Str: 17    XL:     5   Next: 27%
Magic:  5/5        EV: 13    Int: 10    God:
Gold:   121        SH:  0    Dex: 12    Spells: 4/4 levels left

rFire   + .          .
                       - Unarmed
rCold   x . .        (no shield)
rNeg    . . .        (helmet currently unavailable)
rPois   .            (no amulet)
rElec   .            r - ring of fire
rCorr   .            (no ring)
SInv    .            (no ring)
Will    .....        (no ring)
Stlth   +            (no ring)
HPRegen 0.25/turn    (no ring)
MPRegen 0.09/turn    (no ring)
                     (no ring)

%: no passive effects
@: beast-form, silenced
A: beast (slay +2), almost no armour, amphibious, 8 rings, camouflage 1,
gelatinous body 1, (nimble swimmer 1), tentacles
a: Begin Untransformation


You were on level 3 of the Dungeon.
You were a hulking beast.
You visited 1 branch of the dungeon, and saw 3 of its levels.

You collected 121 gold pieces.

Inventory:

Missiles
 c - 6 poisoned darts (quivered)
 o - 3 boomerangs
Magical Staves
 s - a staff of earth
Jewellery
 r - a ring of fire (left tentacle)
Talismans
 b - a beast talisman (active)
Scrolls
 d - a scroll of noise
 e - a scroll of vulnerability {unknown}
 f - a scroll of blinking {unknown}
 g - a scroll of silence
 i - a scroll of acquirement {unknown}
 j - 2 scrolls of fog {unknown}
 k - a scroll of fear {unknown}
 l - 2 scrolls of identify {unknown}
 n - a scroll of poison {unknown}
 q - a scroll of revelation {unknown}
Potions
 a - a potion of degeneration {unknown}
 h - a potion of cancellation {unknown}
 m - 2 potions of enlightenment {unknown}
 p - a potion of mutation {unknown}


   Skills:
 + Level 2.1 Fighting
 + Level 1.6 Throwing
 + Level 2.8 Dodging
 * Level 4.2 Unarmed Combat
 + Level 3.3 Shapeshifting


You had 4 spell levels left.
You didn't know any spells.
Your spell library contained the following spells:

 Spells                   Type           Power      Damage    Failure   Level
 Cause Fear               Hex            0%         N/A       98%         4
 Fireball                 Conj/Fire      0%         3d3       100%        5
 Dragon's Call            Summ           0%         N/A       100%        9


Dungeon Overview and Level Annotations

Branches:
Dungeon (3/15)

Altars:
Kikubaaqudgha
Qazlal

Shops:
D:1 !*[[(


Innate Abilities, Weirdness & Mutations

You are a hulking beast.
Your limbs bulge with bestial killing power. (Slay +2)
You cannot wear most types of armour.
You are amphibious.
You can wear up to eight rings at the same time.
Your skin changes colour to match your surroundings (Stealth+).
Your rubbery body absorbs attacks. (AC +1, EV +1)
((You are camouflaged when in or above water. (Stealth+)))
You have tentacles for arms and can constrict up to eight enemies at once.


Message History

An adder comes into view.
The adder hisses angrily. 2 gnolls come into view.
You see here a bat corpse.
The gnoll shouts!
You tentacle-slap the gnoll. Your grab misses the gnoll.
The gnoll is lightly wounded.
A gnoll sergeant comes into view. It is wielding a +0 trident.
Found a scroll labelled QUILILL RUREJUBU.
An endoplasm comes into view.
The gnoll closely misses you.
You see here a poisoned dart.
The gnoll misses you.
You see here a bat corpse.
The gnoll closely misses you. The gnoll attacks as you move away!
The gnoll barely misses you.
The gnoll sergeant shouts!
The gnoll throws a javelin.
The javelin misses you. The gnoll closely misses you.
The gnoll attacks as you move away! The gnoll hits you with a +0 flail!
The gnoll attacks as you move away! The gnoll closely misses you.
The gnoll attacks as you move away! The gnoll misses you.
The gnoll attacks as you move away! The gnoll hits you with a +0 flail.
The gnoll attacks as you move away! The gnoll hits you with a +0 flail.
You bludgeon the gnoll! Your grab misses the gnoll.
The gnoll is severely wounded.
The gnoll hits you with a +0 flail!
* * * LOW HITPOINT WARNING * * *
You bludgeon the gnoll!
You kill the gnoll!
As you read the scroll labelled GAEKKO AGIDE, it crumbles to dust.
You hear a loud clanging noise!
It was a scroll of noise.
You hear an angry hiss.
The gnoll sergeant hits you from afar with a +0 trident.
* * * LOW HITPOINT WARNING * * *
As you read the scroll labelled SAMAVU VAURIF, it crumbles to dust.
A profound silence engulfs you.
It was a scroll of silence.
The gnoll sergeant hits you from afar with a +0 trident!
You die...

### #.. #.# ## # #.# # ..
..###. #.##.# ... #...#
###h...# ..##...##. #)##.#
#.......###g##.# .
#....P..#.Sg...#
#.#.....S.#...#..##
#........g##.#...####
#.......g.##.##...).####
#.....††..##.##.###....######
#.....(...##.................


You could see a gnoll sergeant, a gnoll and an adder.

Vanquished Creatures
  A gnoll (D:3)
  5 adders
  2 worms
  3 dart slugs
  5 orcs (D:3)
  5 ball pythons
  6 endoplasms
  4 giant cockroaches
  6 goblins
  A hobgoblin (D:1)
  7 jackals
  9 kobolds
  3 quokkas
  5 bats
  4 frilled lizards
  8 rats
74 creatures vanquished.

Notes
Turn   | Place    | Note
-------+----------+-------------------------------------------
     0 | D:1      | MisterAzrael the Octopode Shapeshifter began the quest for
                  | the Orb.
     0 | D:1      | Reached XP level 1. HP: 13/13 MP: 1/1
    32 | D:1      | Found Hyoreymp's Armour Shoppe.
    60 | D:1      | Reached XP level 2. HP: 4/18 MP: 2/2
   273 | D:1      | Found Siapsamal's Armour Shoppe.
   399 | D:1      | Found Lar Jene's Weapon Boutique.
   450 | D:1      | Found Sadegu Xieto's Assorted Antiques.
   493 | D:1      | Reached XP level 3. HP: 20/23 MP: 3/3
   517 | D:1      | Found Bac Sut's Distillery.
  1108 | D:2      | Reached skill level 1 in Throwing
  1116 | D:2      | Reached XP level 4. HP: 27/28 MP: 4/4
  1168 | D:2      | Found a stormy altar of Qazlal.
  1821 | D:3      | Found an ancient bone altar of Kikubaaqudgha.
  1915 | D:3      | Reached skill level 4 in Unarmed Combat
  1976 | D:3      | Reached XP level 5. HP: 28/34 MP: 5/5
  2254 | D:3      | Found a faded altar of an unknown god.
  2282 | D:3      | Mangled by a gnoll sergeant

Illustrated notes

Levels and vault maps discovered:
D:1:      evilmike_arrival_hilbert_curve, layout_basic, serial_shops, shop,
          shop, shop, nicolae_shop_tiny_statue_garden, shop
D:2:      layout_loops_ring, basic_altar
D:3:      layout_basic, kiku_gazebo_pond_becter, overflow_temple_1_default,
          shapermc_ecumenical_altar_gd

Skill      XL: |  1  2  3  4 |
---------------+-------------+-----
Throwing       | 1 |  1.6
Unarmed Combat | 4 |  4.2
Fighting       | 2 |  2.1
Dodging        | |  2.8
Shapeshifting  | |  3.3

Action                     |  1- 3 |  4- 6 || total
---------------------------+-------+-------++-------
  Melee: Unarmed           |    72 |    61 ||   133
         Constrict         |    14 |    15 ||    29
         Tentacles         |     7 |     6 ||    13
         Punch             |     2 |     2 ||     4
  Throw: Dart              |     4 |    27 ||    31
    Use: Potion            |     1 |       ||     1
         Scroll            |       |     2 ||     2
   Stab: Sleeping          |    11 |       ||    11
 Armour: Skin              |    31 |     1 ||    32
  Dodge: Dodged            |    38 |    40 ||    78

Table legend: (Time is in decaauts)
 A = Elapsed time spent in this place.
 B = Non-inter-level travel time spent in this place.
 C = Inter-level travel time spent in this place.
 D = Time resting spent in this place.
 E = Time spent auto-exploring this place.
 F = Levels seen in this place.
 G = Mean time per level.
                   A        B        C        D        E       F      G
               +--------+--------+--------+--------+--------+-----+--------+
         Total |   2271 |   2205 |     66 |    174 |   1550 |   3 |  757.0 |
       Dungeon |   2271 |   2205 |     66 |    174 |   1550 |   3 |  757.0 |
               +--------+--------+--------+--------+--------+-----+--------+

Top non-repeatable levels by time:
     D:2: 948 daAuts
     D:1: 860 daAuts
     D:3: 462 daAuts
